 Dungeon Crawl Stone Soup version 0.27-a0-988-g25969acef8 (webtiles) character file.

Game seed: 645024728685818143

380 crescentfresh the Firebug (level 7, -3/50 HPs)
             Began as a Human Wanderer on Apr 16, 2021.
             Slain by a killer bee zombie (7 damage)
             ... on level 3 of the Dungeon.
             The game lasted 00:12:20 (4863 turns).

crescentfresh the Firebug (Human Wanderer)          Turns: 4863, Time: 00:12:21

Health: -3/50      AC:  2    Str: 11    XL:     7   Next: 5%
Magic:  0/12       EV: 11    Int: 13    God:
Gold:   121        SH:  4    Dex: 15    Spells: 12/13 levels left

rFire    . . .     SeeInvis .   k - +1 dagger (elec)
rCold    . . .     Faith    +   a - +0 buckler
rNeg     . . .     Spirit   .   d - +0 robe
rPois    .         Reflect  .   (no helmet)
rElec    .         Harm     .   (no cloak)
rCorr    .         Rampage  .   (no gloves)
Will     .....                  (no boots)
Stlth    +.........             m - amulet of faith
HPRegen  0.16/turn              (no ring)
MPRegen  0.13/turn              (no ring)

@: no status effects
A: no striking features
a: no special abilities


You were on level 3 of the Dungeon.
You visited 1 branch of the dungeon, and saw 3 of its levels.

You collected 121 gold pieces.

Inventory:

Hand Weapons
 k - a +1 dagger of electrocution (weapon)
Missiles
 c - 135 stones (quivered)
Armour
 a - a +0 buckler (worn)
 d - a +0 robe (worn)
Jewellery
 m - an amulet of faith (around neck)
Scrolls
 e - a scroll of silence {unknown}
 i - 5 scrolls of identify
 j - a scroll of magic mapping {unknown}
 l - 2 scrolls of vulnerability {unknown}
 o - a scroll of teleportation {unknown}
Potions
 b - a potion of cancellation {unknown}
 f - a potion of attraction {unknown}
 h - a potion of curing {unknown}
 n - a potion of heal wounds {unknown}


   Skills:
 - Level 2.0 Fighting
 - Level 1.0 Armour
 + Level 2.3 Shields
 + Level 3.5 Spellcasting
 + Level 2.4 Conjurations
 + Level 5.5 Fire Magic
 - Level 2.0 Evocations


You had 12 spell levels left.
You knew the following spells:

 Your Spells              Type           Power      Damage    Failure   Level
a - Foxfire               Conj/Fire      48%        2x1d6     5%          1

Your spell library contained the following spells:

 Spells                   Type           Power      Damage    Failure   Level
 Beastly Appendage        Tmut           4%         N/A       26%         1
 Ignite Poison            Fire/Tmut/Pois 7%         N/A       36%         3


Dungeon Overview and Level Annotations

Branches:
Dungeon (3/15)

Altars:
Trog

Shops:
D:2 !((


Message History

The giant cockroach completely misses you.
The rat bites you but does no damage.
You hit the rat. Lightning courses through the rat!
You kill the rat!
Your transformation is almost over.
The foxfire hits the giant cockroach.
You kill the giant cockroach!
The foxfire hits the rat.
You kill the rat!
You start resting.
You feel less wooden.
Your +0 robe unmelds from your body.
You start resting.
A killer bee zombie is nearby!
Casting: Foxfire (safe; 5% risk of failure)
Confirm with . or Enter, or press ? or * to list all spells.
You conjure some foxfire!
Casting: Foxfire (safe; 5% risk of failure)
Confirm with . or Enter, or press ? or * to list all spells.
You conjure some foxfire!
The foxfire hits the killer bee zombie.
The killer bee zombie is moderately damaged.
The foxfire hits the killer bee zombie.
The killer bee zombie is heavily damaged.
Casting: Foxfire (safe; 5% risk of failure)
Confirm with . or Enter, or press ? or * to list all spells.
You conjure some foxfire!
The foxfire hits the killer bee zombie.
The killer bee zombie is heavily damaged.
The foxfire hits the killer bee zombie.
The killer bee zombie is heavily damaged.
The killer bee zombie hits you.
* * * LOW HITPOINT WARNING * * *
The killer bee zombie barely misses you.
Casting: Foxfire (safe; 5% risk of failure)
Confirm with . or Enter, or press ? or * to list all spells.
You conjure some foxfire!
The foxfire hits the killer bee zombie.
The killer bee zombie is severely damaged.
The foxfire hits the killer bee zombie.
The killer bee zombie is almost destroyed.
The killer bee zombie misses you. The killer bee zombie hits you!
You die...

# #.#.##.#
#....####.##Br.###. #
#.#.##.####.#.##
#.###### .. #
#.#.##.#.##.#.# #.#
#.# #
#.#.......#...#####.#
#. #
#.####...............
# #..
..........#####.# #
#######.#.##...# #)#
# #...#.....##†Zv# #
#...#.....##.@.#
####...#........v§#
.............###..#
#.................#
#.........#######.#
####...#### #.# #...#
#.# #...# #.# #####
#.##########


You could see a killer bee zombie (ally target).

Vanquished Creatures
  Grinder (D:3)
  A hound skeleton (D:3)
  5 adders
  3 river rats (D:3)
  5 worms
  A dart slug (D:3)
  An orc (D:3)
  6 endoplasms
  6 giant cockroaches
  8 goblins
  7 hobgoblins
  10 jackals
  7 quokkas
  4 ball pythons
  8 bats
  2 frilled lizards
  8 kobolds
  8 rats
91 creatures vanquished.

Vanquished Creatures (others)
  A minotaur (D:1)
  2 trolls (D:1)
  A formicid (D:1)
  A spriggan (D:1)
  A vampire (D:1)
  2 nagas (D:1)
  An ogre (D:1)
  A centaur (D:1)
  A mummy (D:1)
  An orc (D:1)
  207 foxfires
  5 tentacles (D:1)
224 creatures vanquished.

Grand Total: 315 creatures vanquished

Notes
Turn   | Place    | Note
-------+----------+-------------------------------------------
     0 | D:1      | crescentfresh the Human Wanderer began the quest for the
                  | Orb.
     0 | D:1      | crescentfresh set off with the following items: a +2 spear,
                  | a +0 robe; and the following spells available to memorise:
                  | Foxfire, Beastly Appendage, Ignite Poison
     0 | D:1      | Reached XP level 1. HP: 16/16 MP: 2/2
     0 | D:1      | Noticed a troll
     0 | D:1      | Noticed a troll
     0 | D:1      | Noticed a centaur
     0 | D:1      | Noticed an ogre
     0 | D:1      | Noticed a kraken
     0 | D:1      | Noticed a minotaur
     0 | D:1      | Noticed a naga
     0 | D:1      | Noticed a spriggan
     0 | D:1      | Noticed a formicid
     0 | D:1      | Noticed a vampire
     0 | D:1      | Noticed a naga
     3 | D:1      | Killed a vampire
     5 | D:1      | Killed a formicid
     7 | D:1      | Killed a troll
     7 | D:1      | Killed a centaur
     9 | D:1      | Killed a troll
     9 | D:1      | Killed a spriggan
    10 | D:1      | Killed an ogre
    12 | D:1      | Killed a naga
    12 | D:1      | Killed a naga
    15 | D:1      | Killed a minotaur
    55 | D:1      | Learned a level 1 spell: Foxfire
   508 | D:1      | Reached XP level 2. HP: 22/22 MP: 0/4
   887 | D:1      | Reached XP level 3. HP: 17/27 MP: 2/5
  2066 | D:2      | Found a bloodstained altar of Trog.
  2191 | D:2      | Reached XP level 4. HP: 33/33 MP: 7/7
  2266 | D:2      | Found a faded altar of an unknown god.
  2632 | D:2      | Found Viech's Weapon Shoppe.
  2938 | D:2      | Found Hoithot's Weapon Emporium.
  3279 | D:2      | Found Odder's Distillery.
  3545 | D:3      | Reached XP level 5. HP: 38/38 MP: 3/9
  3590 | D:3      | Reached skill level 5 in Fire Magic
  3650 | D:3      | Noticed Grinder
  3797 | D:3      | Reached skill level 1 in Conjurations
  4213 | D:3      | Reached skill level 1 in Shields
  4464 | D:3      | Killed Grinder
  4465 | D:3      | Reached XP level 6. HP: 18/44 MP: 2/11
  4809 | D:3      | Reached XP level 7. HP: 5/50 MP: 2/12
  4821 | D:3      | HP: 3/75 [river rat (1)]
  4863 | D:3      | Slain by a killer bee zombie

Illustrated notes

Levels and vault maps discovered:
D:1:      nicolae_arrival_kraken_aquarium_a, layout_basic
D:2:      layout_loops_ring, serial_shops, shop_fountains, shop_fountains, shop,
          basic_altar, shapermc_ecumenical_altar_starsandcircs, st_stairs_1,
          chequers_serial_rivers_micro_a, minmay_heptomino_h4
D:3:      layout_loops_ring, portal_sewer_entry_b, nrook_mini_vaults,
          chequers_serial_rivers_micro_a, kennysheep_generic_room_6,
          uniq_grinder

Skill      XL: |  1  2  3  4  5 |
---------------+----------------+-----
Spellcasting   | 2 3 |  3.5
Fire Magic     | 5 |  5.5
Conjurations   | 2 |  2.4
Shields        | 2 |  2.3
Fighting       | |  2.0
Armour         | |  1.0
Evocations     | |  2.0

Action                   |  1- 3 |  4- 6 |  7- 9 || total
-------------------------+-------+-------+-------++-------
Melee: Spear             |    44 |       |       ||    44
       Short sword       |     3 |       |       ||     3
       Dagger            |     2 |    80 |    16 ||    98
Throw: Stone             |    12 |     1 |       ||    13
 Cast: Foxfire           |    49 |    65 |     9 ||   123
  Use: Scroll            |       |     1 |       ||     1
       Potion            |       |     1 |     1 ||     2
 Stab: Sleeping          |     1 |     4 |       ||     5
Armor: Robe              |    10 |    13 |       ||    23
       Skin              |       |     6 |    58 ||    64
Dodge: Dodged            |    43 |    56 |     9 ||   108
Block: Buckler           |       |    17 |    15 ||    32

Table legend: (Time is in decaauts)
 A = Elapsed time spent in this place.
 B = Non-inter-level travel time spent in this place.
 C = Inter-level travel time spent in this place.
 D = Time resting spent in this place.
 E = Time spent auto-exploring this place.
 F = Levels seen in this place.
 G = Mean time per level.
                   A        B        C        D        E       F      G
               +--------+--------+--------+--------+--------+-----+--------+
         Total |   4876 |   4684 |    192 |    167 |   3559 |   3 | 1625.3 |
       Dungeon |   4876 |   4684 |    192 |    167 |   3559 |   3 | 1625.3 |
               +--------+--------+--------+--------+--------+-----+--------+

Top non-repeatable levels by time:
     D:1: 1906 daAuts
     D:2: 1724 daAuts
     D:3: 1246 daAuts
